 Dungeon Crawl Stone Soup version 0.25.1-8-g42b30a86e7 (webtiles) character file.

Game seed: 82002353081666376

63 Kives the Cutter (level 3, -12/19 HPs)
             Began as a Spriggan Chaos Knight on Dec 9, 2020.
             Was a Plaything of Xom.
             Mangled by an ogre
             ... wielding a +0 giant club
              (17 damage)
             ... on level 2 of the Dungeon.
             The game lasted 00:07:56 (1944 turns).

Kives the Cutter (Spriggan Chaos Knight)            Turns: 1944, Time: 00:07:58

Health: -12/19     AC:  8    Str:  9    XL:     3   Next: 89%
Magic:  4/4        EV: 18    Int: 13    God:    Xom [..*...]
Gold:   74         SH:  0    Dex: 15    Spells: 2/2 levels left

rFire    . . .     SeeInvis +   a - +0 short sword (chaos)
rCold    . . .     Gourm    .   (shield restricted)
rNeg     . . .     Faith    .   b - +2 robe
rPois    .         Spirit   .   (helmet restricted)
rElec    .         Reflect  .   (no cloak)
rCorr    .         Harm     .   (gloves unavailable)
MR       .....                  (boots unavailable)
Stlth    +.........             (no amulet)
HPRegen  0.06/turn              k - +4 ring of protection
MPRegen  0.09/turn              (no ring)

@: very quick
A: very small, unfitting armour, see invisible, herbivore, speed 3, slow
metabolism 2
a: Renounce Religion


You were on level 2 of the Dungeon.
You worshipped Xom.
You were a toy of Xom.
You were not hungry.

You visited 1 branch of the dungeon, and saw 2 of its levels.

You collected 74 gold pieces.

Inventory:

Hand Weapons
 a - a +0 short sword of chaos (weapon)
Missiles
 g - 67 stones (quivered)
 i - 24 arrows
 j - 29 sling bullets
Armour
 b - a +2 robe (worn)
Jewellery
 k - a +4 ring of protection (left hand)
Scrolls
 d - a scroll of identify {unknown}
 f - a scroll of fear {unknown}
 l - 2 scrolls of teleportation
Potions
 e - a potion of flight {unknown}
 h - a potion of mutation {unknown}
 m - 2 potions of curing
Comestibles
 c - 5 rations


   Skills:
 - Level 2.4 Fighting
 + Level 5.3 Short Blades
 - Level 3.5 Dodging


You had 2 spell levels left.
You didn't know any spells.
Your spell library was empty.

Dungeon Overview and Level Annotations

Branches:
Dungeon (2/15)

Altars:
Fedhas

Annotations:
D:2 Sigmund


Innate Abilities, Weirdness & Mutations

You are very small and have problems with some larger weapons.
You are too small for most types of armour.
You have supernaturally acute eyesight. (SInv)
You are a herbivore.
You cover ground extremely quickly.
You need to consume almost no food.


Message History

Aim: an ogre, wielding a +0 giant club (almost dead)
You throw a stone.
The stone hits the ogre but does no damage.
The ogre is almost dead.
Throwing (i - inventory)
g - 69 stones (quivered)
Press: ? - help, Shift-Dir - straight line, f/p - ogre
Aim: an ogre, wielding a +0 giant club (almost dead)
You throw a stone.
The stone hits the ogre but does no damage.
The ogre is almost dead.
Throwing (i - inventory)
g - 68 stones (quivered)
Press: ? - help, Shift-Dir - straight line, f/p - ogre
Aim: an ogre, wielding a +0 giant club (almost dead)
You throw a stone.
The stone hits the ogre but does no damage.
The ogre is almost dead.
The ogre hits you with a +0 giant club!
Ouch! That really hurt!
You die...
Xom giggles madly!

########## ### #........#
#.. #........# #.#
#........#############.#
#......@O(((.....(.(.(..
#........###########.#.#
####'########### #.#.#
#..............########.#.#
#..............##.....#.#.#
#..............##.....#.#.#
#..)...........##.....#.#.#
#...>.................#.#.#
#..............##.....# #.#


You could see an ogre.

Vanquished Creatures
  2 adders (D:2)
  An ooze (D:2)
  A worm (D:2)
  A dart slug (D:1)
  2 leopard geckos (D:1)
  7 bats
  3 giant cockroaches
  A goblin (D:1)
  6 hobgoblins
  A quokka (D:2)
  A frilled lizard (D:2)
  4 kobolds (D:2)
  4 rats
34 creatures vanquished.

Notes
Turn   | Place    | Note
-------+----------+-------------------------------------------
     0 | D:1      | Kives the Spriggan Chaos Knight began the quest for the
                  | Orb.
     0 | D:1      | Reached XP level 1. HP: 11/11 MP: 2/2
   117 | D:1      | XOM: butterfly on damage
   221 | D:1      | XOM: cloud trail
   266 | D:1      | Reached skill level 4 in Short Blades
   266 | D:1      | Reached XP level 2. HP: 16/16 MP: 3/3
   365 | D:1      | XOM: butterfly on damage
   829 | D:1      | XOM: silly message
  1402 | D:2      | XOM: 1-stop teleportation journey
  1416 | D:2      | Found a blossoming altar of Fedhas.
  1437 | D:2      | XOM: enchant monster (bad)
  1441 | D:2      | Reached XP level 3. HP: 10/19 MP: 4/4
  1446 | D:2      | XOM: potion effect (curing)
  1468 | D:2      | Reached skill level 5 in Short Blades
  1670 | D:2      | Noticed Sigmund
  1877 | D:2      | Noticed an ogre
  1944 | D:2      | Mangled by an ogre

Illustrated notes

Levels and vault maps discovered:
D:1:      minmay_arrival_doors, layout_basic, minmay_misc_feat_room
D:2:      layout_basic, fedhas_altar_3, uniq_sigmund

Skill      XL: |  1  2  3 |
---------------+----------+-----
Short Blades   | 4 5 |  5.3
Fighting       | |  2.4
Dodging        | |  3.5

Action                   || total
-------------------------++-------
Melee: Short sword       ||   129
Throw: Stone             ||     7
  Use: Scroll            ||     2
       Potion            ||     2
 Stab: Paralysed         ||     2
       Sleeping          ||     1
Armor: Robe              ||    12
Dodge: Dodged            ||    90
